 Dungeon Crawl Stone Soup version 0.31.0-11-ge490571c62 (webtiles) character file.

Game seed: 845135338441190105

16240 shadowrider38 the Severer (level 12, -72/106 HPs)
             Began as a Minotaur Fighter on Jan 30, 2024.
             Was a High Priest of Sif Muna.
             Annihilated by a titanic slime creature (85 damage)
             ... on level 11 of the Dungeon.
             The game lasted 00:11:14 (11931 turns).

shadowrider38 the Severer (Minotaur Fighter)       Turns: 11931, Time: 00:11:14

Health: -72/106    AC: 25    Str: 33    XL:     12   Next: 8%
Magic:  10/15      EV:  8    Int:  5    God:    Sif Muna [*****.]
Gold:   929        SH: 10    Dex:  9    Spells: 11/11 levels left

rFire   + . .        a - +2 war axe (flame)
rCold   + . .        H - +0 kite shield
rNeg    . . .        R - +4 plate armour {rF+}
rPois   +            G - +0 hat
rElec   .            C - +2 cloak {rPois}
rCorr   .            x - +1 pair of gloves {infuse}
SInv    .            M - +0 pair of boots
Will    .....        (no amulet) Stlth
                     N - +6 ring of strength
HPRegen 0.37/turn    c - ring of protection from cold
MPRegen 0.14/turn

%: infuse magic (1 MP)
@: no status effects
A: horns 2, retaliatory headbutt
a: Renounce Religion, Channel Magic, Forget Spell, Divine Exegesis


You were on level 11 of the Dungeon.
You worshipped Sif Muna.
Sif Muna was extremely pleased with you.
You visited 1 branch of the dungeon, and saw 11 of its levels.
You visited the Abyss 1 time.
You also visited: Ossuary and Bailey.

You collected 1079 gold pieces.
You spent 150 gold pieces at shops.

Inventory:

Hand Weapons
 a - a +2 war axe of flaming (weapon)
Missiles
 t - 21 boomerangs (quivered)
 F - 4 curare-tipped darts
 J - 5 atropa-tipped darts
Armour
 x - a +1 pair of gloves of infusion (worn)
 C - a +2 cloak of poison resistance (worn)
 G - a +0 hat (worn)
 H - a +0 kite shield (worn)
 M - a +0 pair of boots (worn)
 R - a +4 plate armour of fire resistance (worn)
 X - the orb of Disguise {light, rC+ Ice}
   (You found it on level 11 of the Dungeon)

   rC+:       It protects you from cold.
   Ice:       It increases the power of your Ice spells.
Jewellery
 c - a ring of protection from cold (right hand)
 f - a ring of protection from fire
 m - a ring of willpower
 s - a ring of see invisible
 N - a +6 ring of strength (left hand)
Wands
 K - a wand of roots (5)
 P - a wand of paralysis (11)
 U - a wand of light (4)
 V - a wand of flame (12)
Scrolls
 e - 3 scrolls of fear {unknown}
 h - 10 scrolls of identify {unknown}
 j - 5 scrolls of blinking {unknown}
 n - a scroll of poison {unknown}
 q - a scroll of silence {unknown}
 r - 4 scrolls of fog {unknown}
 y - 3 scrolls of butterflies {unknown}
 z - 2 scrolls of amnesia {unknown}
 A - 3 scrolls of immolation {unknown}
 D - a scroll of vulnerability {unknown}
 E - 3 scrolls of revelation {unknown}
 L - 2 scrolls of noise {unknown}
 O - 2 scrolls of acquirement
 S - 2 scrolls of brand weapon {unknown}
 T - 8 scrolls of teleportation
 W - a scroll of enchant armour {unknown}
Potions
 b - 2 potions of invisibility {unknown}
 d - 5 potions of might
 g - 2 potions of curing {unknown}
 i - 2 potions of cancellation {unknown}
 k - 5 potions of heal wounds {unknown}
 l - 2 potions of resistance {unknown}
 o - a potion of enlightenment {unknown}
 p - 3 potions of berserk rage {unknown}
 u - 2 potions of haste {unknown}
 v - a potion of ambrosia {unknown}
 w - a potion of attraction {unknown}
 B - 2 potions of lignification {unknown}
 I - 2 potions of brilliance {unknown}
 Q - a potion of mutation {unknown}


   Skills:
 - Level 10.0 Fighting
 * Level 15.5 Axes
 - Level 10.0 Armour
 - Level 4.0 Dodging
 - Level 10.0 Shields
 + Level 5.6 Invocations


You had 11 spell levels left.
You didn't know any spells.
Your spell library contained the following spells:

 Spells                   Type           Power      Damage    Failure   Level
 Apportation              Tloc           0%         N/A       99%         1
 Necrotise                Necr           0%         1d4       99%         1
 Slow                     Hex            0%         N/A       99%         1
 Sting                    Conj/Alch      0%         1d3       99%         1
 Summon Small Mammal      Summ           0%         N/A       99%         1
 Call Canine Familiar     Summ           0%         N/A       100%        3
 Confusing Touch          Hex            0%         N/A       100%        3
 Sigil of Binding         Hex            0%         N/A       100%        3
 Vampiric Draining        Necr           0%         2d6       100%        3
 Animate Dead             Necr           0%         N/A       100%        4
 Summon Blazeheart Golem  Fire/Summ      0%         N/A       100%        4
 Borgnjor's Vile Clutch   Necr/Erth      0%         N/A       100%        5
 Death Channel            Necr           0%         N/A       100%        6
 Haunt                    Necr/Summ      0%         N/A       100%        7
 Borgnjor's Revivificati  Necr           0%         N/A       100%        8
 Death's Door             Necr           0%         N/A       100%        9


Dungeon Overview and Level Annotations

Branches:
Dungeon (11/15) Zot: 25906    Lair (0/5) D:9             Orc (0/2) D:11
Ossuary (visited)          Bailey (visited)
 Temple: D:4-7

Altars:
Ashenzari
Cheibriados
Makhleb
Sif Muna
Trog
Xom

Shops:
D:3 *   D:5 [

Annotations:
D:4 exclusion: downstairs


Innate Abilities, Weirdness & Mutations

You have a pair of horns on your head.
You reflexively headbutt those who attack you in melee.


Message History

X - the orb of Disguise {light, rC+ Ice} You open the door.
A slime creature comes into view.
The slime creature quivers.
The slime creature moves out of view. 5 slime creatures come into view.
The slime creature quivers. x2
A slime creature comes into view.
There are monsters nearby!
There are monsters nearby!
There are monsters nearby!
Unknown command.
The slime creature quivers.
Two slime creatures merge to form a large slime creature.
Two slime creatures merge to form a very large slime creature.
Two slime creatures merge to form an enormous slime creature.
Two slime creatures merge to form a titanic slime creature.
Aiming: Paralyse
Press: ? - help, Shift-Dir - straight line, f - titanic slime creature
Aim: a titanic slime creature (chance to affect: 31%)
Okay, then.
Aiming: Paralyse
Press: ? - help, Shift-Dir - straight line, f - titanic slime creature
Aim: a titanic slime creature (chance to affect: 31%)
The titanic slime creature easily resists.
Aiming: Paralyse
Press: ? - help, Shift-Dir - straight line, f/p - titanic slime creature
Aim: a titanic slime creature (chance to affect: 31%)
The titanic slime creature easily resists.
Unknown command.
You slash the titanic slime creature! You burn the titanic slime creature.
The titanic slime creature is lightly wounded.
The titanic slime creature hits you!!!!
Ouch! That really hurt!
* * * LOW HITPOINT WARNING * * *
Aiming: Paralyse
Press: ? - help, Shift-Dir - straight line, f/p - titanic slime creature
Aim: a titanic slime creature (lightly wounded, chance to affect: 31%)
Okay, then.
Unknown command.
Unknown command.
You slash the titanic slime creature! You burn the titanic slime creature.
The titanic slime creature is lightly wounded.
You slash the slime creature! You burn the slime creature.
You hit the titanic slime creature. You burn the titanic slime creature.
The titanic slime creature is lightly wounded.
You slash the slime creature! You burn the slime creature.
You block the slime creature's attack. The titanic slime creature hits you!!!!
Ouch! That really hurt!
You die...

.............#
.............#
.............#
.............#
............#######.
...................
#####+#...............
+.....'....J@.........
#.....#....J..........
#.... #...............
#..J #.............##
#.. #.######........
## ########......##
#...#......#
#)8........# #
##†).#......#


You could see a titanic slime creature and a slime creature.

Vanquished Creatures
  A fire dragon (D:9)
  Erica (D:8)
  2 boulder beetles (D:11)
  3 two-headed ogres
  Nergalle (D:10)
  An orc knight (Bailey)
  An ugly thing (D:11)
  An elephant (D:9)
  3 unseen horrors (D:10)
  4 kobold demonologists
  Prince Ribbit (D:6)
  Sigmund (D:2)
  A small abomination (D:7)
  3 wyverns
  3 shadows (D:11)
  2 wraiths
  6 yaks
  A steam dragon (D:6)
  2 basilisks (D:9)
  A fire bat (D:10)
  An acid dragon (D:11)
  A hell hound (D:10)
  2 water moccasins
  A sky beast (D:10)
  2 ice beasts
  14 orc warriors
  A black bear (D:6)
  3 centaurs
  A phantom (D:5)
  10 kobold brigands
  A bullfrog (D:8)
  2 elf zombies (Ossuary)
  3 gnoll sergeants
  3 scorpions
  9 wights
  3 killer bees (D:10)
  6 electric eels (Bailey)
  3 howler monkeys
  2 jellies
  A human zombie (Ossuary)
  3 bombardier beetles
  A hound (D:6)
  3 orc priests
  2 sleepcaps
  Terence (D:2)
  5 orc wizards
  4 mummies (Ossuary)
  21 gnolls
  7 adders
  4 shadow imps
  2 adder zombies (Ossuary)
  2 ribbon worms
  4 dart slugs
  38 orcs
  6 bats
  An endoplasm (D:4)
  4 giant cockroaches
  A gnoll zombie (Ossuary)
  15 goblins
  11 hobgoblins
  3 jackals (D:3)
  52 kobolds
  2 quokkas (D:1)
  6 ball pythons
  A frilled lizard (D:1)
  2 hobgoblin zombies (Ossuary)
  A jackal zombie (Ossuary)
  An orc zombie (Ossuary)
  8 rats
  2 rat zombies (Ossuary)
321 creatures vanquished.

Notes
Turn   | Place    | Note
-------+----------+-------------------------------------------
     0 | D:1      | shadowrider38 the Minotaur Fighter began the quest for the
                  | Orb.
     0 | D:1      | Reached XP level 1. HP: 19/19 MP: 0/0
   145 | D:1      | Reached XP level 2. HP: 27/27 MP: 1/1
   156 | D:1      | Reached skill level 3 in Axes
   629 | D:2      | Noticed Terence
   642 | D:2      | Killed Terence
   643 | D:2      | Reached XP level 3. HP: 12/33 MP: 2/2
   768 | D:2      | Found a faded altar of an unknown god.
   807 | D:2      | Prayed at the altar of an unknown god.
   807 | D:2      | Became a worshipper of Sif Muna the Loreminder
   807 | D:2      | Reached * piety under Sif Muna
   921 | D:2      | Noticed Sigmund
   934 | D:2      | Killed Sigmund
   935 | D:2      | Reached skill level 4 in Axes
   935 | D:2      | Reached XP level 4. HP: 31/41 MP: 3/3
   935 | D:2      | Reached XP level 5. HP: 36/47 MP: 4/4
  1282 | D:3      | Found a bloodstained altar of Trog.
  1287 | D:3      | Reached skill level 5 in Axes
  1437 | D:3      | Found Ozaanari's General Store.
  1484 | D:3      | Reached XP level 6. HP: 55/55 MP: 5/5
  1523 | D:3      | Reached ** piety under Sif Muna
  2347 | D:4      | Noticed a two-headed ogre
  2368 | D:5      | Entered Level 5 of the Dungeon
  2369 | D:5      | Found a sand-covered staircase.
  2378 | Ossuary  | Entered an ossuary
  2397 | Ossuary  | Reached skill level 6 in Axes
  2397 | Ossuary  | Reached XP level 7. HP: 41/61 MP: 6/6
  2828 | D:5      | Noticed a two-headed ogre
  3155 | D:5      | Reached skill level 7 in Axes
  3247 | D:5      | Reached *** piety under Sif Muna
  3371 | D:5      | Found Rigiblil's Antique Armour Emporium.
  3432 | D:5      | Reached XP level 8. HP: 70/70 MP: 7/7
  3540 | D:6      | Found a broken altar of Ashenzari.
  3597 | D:5      | Bought a pair of embroidered gloves for 150 gold pieces
  3652 | D:6      | Reached skill level 8 in Axes
  4344 | D:6      | Reached skill level 9 in Axes
  4508 | D:6      | Noticed Prince Ribbit
  4535 | D:6      | Killed Prince Ribbit
  4536 | D:6      | Reached XP level 9. HP: 41/79 MP: 6/8
  4717 | D:7      | Found a shimmering blue altar of Sif Muna.
  4812 | Abyss:1  | Found a corrupted altar of Lugonu.
  4812 | Abyss:1  | Cast into level 1 of the Abyss (gnoll sergeant)
  4823 | D:7      | Escaped the Abyss
  5134 | D:7      | Reached skill level 10 in Axes
  5858 | D:8      | Reached **** piety under Sif Muna
  6233 | D:8      | Reached skill level 11 in Axes
  6290 | D:8      | Noticed Erica
  6306 | D:8      | Killed Erica
  6307 | D:8      | Reached XP level 10. HP: 89/90 MP: 4/9
  6942 | D:9      | Found a staircase to the Lair.
  6942 | D:9      | Noticed an elephant
  6969 | D:9      | Killed an elephant
  7043 | D:9      | Reached skill level 9 in Fighting
  7043 | D:9      | Reached skill level 9 in Armour
  7043 | D:9      | Reached skill level 3 in Dodging
  7043 | D:9      | Reached skill level 9 in Shields
  7377 | D:9      | Reached skill level 12 in Axes
  7656 | D:9      | Noticed a fire dragon
  7692 | D:9      | Killed a fire dragon
  7918 | D:9      | Noticed a two-headed ogre
  7922 | D:9      | Killed a two-headed ogre
  7997 | D:9      | Reached XP level 11. HP: 92/97 MP: 4/10
  8301 | D:10     | Entered Level 10 of the Dungeon
  8314 | D:10     | Reached ***** piety under Sif Muna
  8465 | D:10     | Found a flagged portal.
  8485 | Bailey   | Entered a bailey
  8938 | Bailey   | Found an iron altar of Okawaru.
  8942 | Bailey   | Reached skill level 13 in Axes
  9063 | Bailey   | Identified the +3 rapier "Tapimas" {pain, ^Fragile rF+
                  | rCorr}
  9456 | Bailey   | Noticed an orc knight
  9502 | Bailey   | Killed an orc knight
 10008 | D:10     | Reached skill level 3 in Invocations
 10122 | D:10     | Received a gift from Sif Muna
 10247 | D:10     | Found a burning altar of Makhleb.
 10261 | D:10     | Noticed Nergalle
 10274 | D:10     | Killed Nergalle
 10275 | D:10     | Reached skill level 14 in Axes
 10399 | D:10     | Noticed a two-headed ogre
 10406 | D:10     | Killed a two-headed ogre
 10480 | D:10     | Found a snail-covered altar of Cheibriados.
 10628 | D:10     | Found a shimmering altar of Xom.
 10881 | D:11     | Noticed a boulder beetle
 10914 | D:11     | Killed a boulder beetle
 11052 | D:11     | Noticed a white ugly thing
 11064 | D:11     | Killed a white ugly thing
 11067 | D:11     | Reached skill level 15 in Axes
 11172 | D:11     | Noticed a two-headed ogre
 11182 | D:11     | Killed a two-headed ogre
 11298 | D:11     | Reached XP level 12. HP: 44/106 MP: 10/14
 11674 | D:11     | Found a staircase to the Orcish Mines.
 11778 | D:11     | Noticed a boulder beetle
 11792 | D:11     | Killed a boulder beetle
 11914 | D:11     | Identified the orb of Disguise {light, rC+ Ice}
 11931 | D:11     | Annihilated by a titanic slime creature

Illustrated notes

Levels and vault maps discovered:
D:1:      doesnt_arrival_eight_statues, layout_basic
D:2:      layout_rooms, ebering_ecumenical_altar_mist, uniq_terence,
          uniq_sigmund
D:3:      layout_basic, mainiacjoe_overflow_six_doors_small, serial_shops, shop,
          hangedman_decor_lopped, st_stairs_5, kennysheep_generic_room_10
D:4:      layout_cave_pools, minmay_temple_entry_poolview
D:5:      layout_basic, nicolae_ossuary_entry_ruins, nicolae_take_the_stairs
D:6:      layout_rooms, overflow_temple_1_default, uniq_prince_ribbit1
D:7:      layout_loops_ring, mainiacjoe_overflow_brackets
D:8:      layout_gridville, uniq_erica
D:9:      dragon1_lemuel, layout_grid_maze, david_lair_generic
D:10:     layout_basic, slow_altar_1, mainiacjoe_overflow_paths,
          regret_index_xom_of_box, lightli_bailey_entry_fortress,
          minmay_stone_trees_small, uniq_nergalle
D:11:     minmay_razor_zed, layout_irregular_city, hiddenorc2_lemuel,
          serial_shops, shop, nicolae_shop_rolled_up

Skill      XL: |  1  2  3  4  5  6  7  8  9 10 11 |
---------------+----------------------------------+-----
Axes           | 3 4 5 6 7 9 11 12 15 | 15.5
Armour         | 4 5 6 7 8 9 10 | 10.0
Fighting       | 4 5 6 7 8 9 10 | 10.0
Shields        | 4 5 6 7 8 9 10 | 10.0
Dodging        | 2 4 |  4.0
Invocations    | 5 |  5.6

Action                     |  1- 3 |  4- 6 |  7- 9 | 10-12 || total
---------------------------+-------+-------+-------+-------++-------
  Melee: War axe           |    62 |   110 |   224 |   377 ||   773
         Headbutt          |     4 |    19 |    39 |    51 ||   113
  Throw: Dart              |       |       |     1 |     6 ||     7
  Evoke: Wand              |       |       |       |     6 ||     6
 Armour: Scale mail        |    45 |    50 |       |       ||    95
         Chain mail        |       |    31 |    41 |       ||    72
         Skin              |       |     5 |       |       ||     5
         Plate armour      |       |       |   147 |   311 ||   458
  Dodge: Dodged            |    32 |    63 |    56 |    83 ||   234
  Block: Buckler           |    23 |    21 |       |       ||    44
         Kite shield       |       |    28 |   132 |   152 ||   312
